 Dungeon Crawl Stone Soup version 0.31.0-9-g3a7656b989 (webtiles) character file.

Game seed: 3033700260481878614

169 Eitelfritz the Chopper (level 5, -7/46 HPs)
             Began as a Hill Orc Fighter on Feb 3, 2024.
             Killed from afar by an orc wizard (8 damage)
             ... with a puff of flame
             ... on level 4 of the Dungeon.
             The game lasted 00:03:44 (2528 turns).

Eitelfritz the Chopper (Hill Orc Fighter)           Turns: 2528, Time: 00:03:45

Health: -7/46      AC:  4    Str: 21    XL:     5   Next: 50%
Magic:  5/5        EV: 11    Int:  8    God:
Gold:   200        SH:  0    Dex: 10    Spells: 4/4 levels left

rFire   . . .        q - +2 hand axe (freeze)
rCold   . . .        c - +0 buckler
rNeg    + . .        s - +1 leather armour {rPois}
rPois   +            (no helmet)
rElec   .            (no cloak)
rCorr   .            (no gloves)
SInv    .            (no boots)
Will    .....        (no amulet)
Stlth   +            l - ring of positive energy
HPRegen 0.27/turn    (no ring)
MPRegen 0.09/turn

%: no passive effects
@: confused, lethally poisoned (-7 -> -15)
A: no striking features
a: Convert to Beogh


You were on level 4 of the Dungeon.
You visited 1 branch of the dungeon, and saw 4 of its levels.

You collected 200 gold pieces.

Inventory:

Hand Weapons
 a - a +0 war axe
 f - a +1 flail of holy wrath
 q - a +2 hand axe of freezing (weapon)
Armour
 b - a +0 scale mail
 c - a +0 buckler (worn)
 p - a +0 plate armour
 s - a +1 leather armour of poison resistance (worn)
Jewellery
 l - a ring of positive energy (left hand)
 o - a ring of protection from fire
Wands
 d - a wand of charming (5)
Scrolls
 g - 2 scrolls of teleportation {unknown}
 h - a scroll of revelation {unknown}
 i - a scroll of fear {unknown}
 j - 2 scrolls of noise {unknown}
 k - 2 scrolls of enchant weapon {unknown}
 r - 2 scrolls of identify {unknown}
Potions
 e - a potion of attraction {unknown}
 m - 2 potions of mutation {unknown}
 n - a potion of enlightenment {unknown}
 t - a potion of degeneration {unknown}
 u - a potion of resistance {unknown}
 v - a potion of curing {unknown}


   Skills:
 + Level 4.2 Fighting
 + Level 4.7 Axes
 + Level 4.3 Armour
 + Level 0.6 Dodging
 + Level 0.2 Stealth
 + Level 4.1 Shields


You had 4 spell levels left.
You didn't know any spells.
Your spell library contained the following spells:

 Spells                   Type           Power      Damage    Failure   Level
 Ensorcelled Hibernation  Hex/Ice        0%         N/A       67%         2
 Passwall                 Erth           0%         N/A       88%         3
 Swiftness                Air            0%         N/A       88%         3


Dungeon Overview and Level Annotations

Branches:
Dungeon (4/15)
 Temple: D:4-7

Altars:

Annotations:
D:4 1 transporter


Message History

The orc wizard hits you but does no damage.
You barely miss the orc priest.
The orc priest is severely wounded.
You hit the orc wizard but do no damage.
The orc priest threatens, "By the altar or by the axe, you will meet Beogh!"
The orc priest misses you.
The orc wizard hits you with a +0 dagger of venom.
You are poisoned.
You barely miss the orc priest.
The orc priest is severely wounded.
You barely miss the orc wizard.
You feel sick.
The orc priest hits you with a +0 war axe.
The orc wizard casts a spell at you.
You are confused.
The orc priest shouts, "Join the one true god or die!"
You miss the orc wizard. You closely miss the orc priest.
You feel sick. The orc priest barely misses you.
The orc wizard hits you with a +0 dagger of venom.
The orc priest misses you. The orc wizard barely misses you.
You hit the orc priest. You freeze the orc priest.
The orc priest is almost dead.
You miss the orc wizard.
You feel sick.
The orc priest shouts, "Surrender to Beogh and we'll let you live!"
The orc wizard hits you but does no damage.
You are more poisoned.
The orc priest shouts, "Join the one true god or die!"
The orc priest misses you.
You bump into the rock wall.
You feel very sick.
The orc priest invokes the aid of Beogh against you.
Pain shoots through your body!
The orc wizard hits you but does no damage.
Unknown command.
You bump into the rock wall.
You feel sick.
The orc priest invokes the aid of Beogh against you.
Beogh smites you!
* * * LOW HITPOINT WARNING * * *
The orc wizard points at you and mumbles some strange words.
The puff of flame hits you!
You die...

###.#..#$.....
#......#...#.#.
#...#..#8.#...#
#...#..##SS....
#<..#...#######
#..............
#..###.........
#..# ##.#...#.
#..# #@# ..#
#..# #oo......
#..# .o.......
#... ..........
##.##..........
#.###...### #.
...# .. ....


You could see an orc priest, an orc wizard, an adder, an orc and a ball python.

Vanquished Creatures
  Ijyb (D:3)
  An orc wizard (D:3)
  5 adders
  2 dart slugs
  2 ribbon worms
  6 orcs
  2 endoplasms
  3 giant cockroaches
  3 goblins
  6 hobgoblins
  2 jackals (D:1)
  9 ball pythons
  5 bats
  3 frilled lizards
  6 kobolds
  7 rats
63 creatures vanquished.

Notes
Turn   | Place    | Note
-------+----------+-------------------------------------------
     0 | D:1      | Eitelfritz the Hill Orc Fighter began the quest for the
                  | Orb.
     0 | D:1      | Reached XP level 1. HP: 19/19 MP: 1/1
   165 | D:1      | Reached XP level 2. HP: 27/27 MP: 2/2
   569 | D:1      | Reached XP level 3. HP: 33/33 MP: 3/3
  1084 | D:2      | Reached XP level 4. HP: 37/40 MP: 4/4
  1616 | D:3      | Noticed Ijyb
  1627 | D:3      | Killed Ijyb
  1628 | D:3      | Reached XP level 5. HP: 12/46 MP: 5/5
  2507 | D:4      | Found a transporter.
  2528 | D:4      | HP: 1/46 [orc priest/divine providence (11)]
  2528 | D:4      | Killed from afar by an orc wizard

Illustrated notes

Levels and vault maps discovered:
D:1:      dpeg_chamrin_arrival_tetris, layout_loops_ring
D:2:      layout_loops_ring, serial_bayou_lagoon_a
D:3:      layout_basic, nicolae_figureground_sparkle, uniq_ijyb
D:4:      layout_loops_ring, gammafunk_ghost_arena,
          serial_library_regret_index_split_case

Skill      XL: |  1  2  3  4 |
---------------+-------------+-----
Axes           | 3 4 |  4.7
Shields        | 4 |  4.1
Fighting       | 4 |  4.2
Armour         | 4 |  4.3
Dodging        | |  0.6
Stealth        | |  0.2

Action                     |  1- 3 |  4- 6 || total
---------------------------+-------+-------++-------
  Melee: War axe           |    92 |    17 ||   109
         Hand axe          |       |    58 ||    58
    Use: Potion            |       |     1 ||     1
 Armour: Scale mail        |    75 |    42 ||   117
         Leather armour    |       |    24 ||    24
  Dodge: Dodged            |    40 |    42 ||    82
  Block: Buckler           |    24 |    12 ||    36
